 Dungeon Crawl Stone Soup version 0.13.0-11-g0187522 (webtiles) character file.

1048 Lilouch the Cudgeler (level 7, -10/42 HPs)
             Began as a Gargoyle Fighter on Oct 18, 2013.
             Mangled by an orc warrior
             ... wielding a +2,+1 orcish long sword
              (11 damage)
             ... on Level 5 of the Dungeon.
             The game lasted 00:10:22 (3346 turns).

Lilouch the Cudgeler (Gargoyle Fighter)             Turns: 3346, Time: 00:10:22

HP -10/42        AC 12     Str 22      XL: 7   Next: 88%
MP   6/6         EV  6     Int  8      God:
Gold 255         SH 18     Dex  9      Spells:  0 memorised,  6 levels left

Res.Fire  : . . .   See Invis. : .   a - +0 mace
Res.Cold  : . . .   Warding    : .   p - +0 scale mail
Life Prot.: + . .   Conserve   : .   c - +0 shield
Res.Poison: +       Res.Corr.  : .   (no helmet)
Res.Elec. : +       Clarity    : .   (no cloak)
Sust.Abil.: . .     Spirit.Shd : .   (no gloves)
Res.Mut.  : .       Stasis     : .   (no boots)
Res.Rott. : +       Flight     : .   (no amulet)
Saprovore : . . .                    (no ring)
                                     (no ring)

@: slightly resistant to hostile enchantments, extremely unstealthy
A: fangs 1, talons 2, life protection 1, electricity resistance, slow metabolism
1, unbreathing, petrification resistance, AC +4
a: no special abilities


You were on level 5 of the Dungeon.
You were hungry.

You visited 1 branch of the dungeon, and saw 6 of its levels.

You collected 235 gold pieces.

Inventory:

Hand weapons
 a - a +0,+0 mace (weapon)
 s - a +0 blowgun
Missiles
 t - 27 poisoned needles
Armour
 c - a +0 shield (worn)
 p - a +0 scale mail (worn)
Magical devices
 q - a wand of random effects (12) {unknown}
 x - a wand of enslavement (14) {unknown}
 y - a wand of flame (11) {unknown}
 G - a wand of disintegration (10) {unknown}
Comestibles
 d - 9 bread rations
 n - a choko
 w - 2 pears
 B - a beef jerky
 F - a meat ration
Scrolls
 b - a scroll of curse weapon {unknown}
 e - 2 scrolls of fear {unknown}
 g - 10 scrolls of identify {unknown}
 j - 3 scrolls of remove curse {unknown}
 k - 2 scrolls of amnesia {unknown}
 l - 2 scrolls of teleportation {unknown}
 o - a scroll of fog {unknown}
 v - 2 scrolls of blinking {unknown}
 C - a scroll of noise {unknown}
 D - a scroll of magic mapping {unknown}
 J - a scroll of immolation {unknown}
Jewellery
 u - a cursed ring of teleportation {unknown}
 H - a +3,+6 ring of slaying {unknown}
Potions
 f - a potion of resistance {unknown}
 h - a potion of mutation {unknown}
 i - 3 potions of invisibility {unknown}
 m - a potion of brilliance {unknown}
 r - 2 potions of curing {unknown}
 z - a potion of slowing {unknown}
 A - a potion of coagulated blood
 E - a potion of confusion {unknown}


   Skills:
 - Level 3.2 Fighting
 * Level 7.8 Maces & Flails
 + Level 6.4 Armour
 - Level 3.2 Shields


You had 6 spell levels left.
You didn't know any spells.

Dungeon Overview and Level Annotations

Branches:
Dungeon (6/27)
 Temple: D:4-7          Orc: D:6-11

Altars:

Shops:
D:5 }


Innate Abilities, Weirdness & Mutations

You are resistant to torment.
You are immune to poison.
Your stone body is very resilient (AC +4).
You have very sharp teeth.
You have razor-sharp toenails.
You resist negative energy.
You are resistant to electric shocks.
You have a slow metabolism.
You can survive without breathing.
You are immune to petrification.


Message History

You claw the orc warrior, but do no damage.
The orc warrior is lightly wounded.
The orc barely misses you.
The orc warrior hits you with an orcish long sword.
You hit the orc warrior but do no damage.
You claw the orc warrior.
The orc warrior is moderately wounded.
The orc hits you but does no damage.
The orc warrior hits you but does no damage.
You barely miss the orc warrior.
The orc warrior is moderately wounded.
The orc barely misses you.
The orc warrior hits you with an orcish long sword!
* * * LOW HITPOINT WARNING * * *
You hit the orc warrior.
You claw the orc warrior, but do no damage.
The orc warrior is heavily wounded.
The orc completely misses you.
The orc warrior hits you with an orcish long sword!
You die...

#...........................#
#)##.##.#####.#.###.........#
#.##.##...........#.........#
#)##.##..........(#.........#
#....##...........#.........#####
.................................
#....##..............#.###..#####
#....##..............#.# #..# #
#....##.........@....#.###..#####
#....##.........oo...#.#.......##
.....##.....∩........#.#.......##
#....#...####.#.##...#.#.......##
#....#...# #........#.....<...#
######...######.##...#..##.#####
.....................#..##.# ###
.........######.###..)>....# #..
...####### #.# #........# #.#


You could see an orc warrior and an orc.

Vanquished Creatures
  An ice beast (D:5)
  A giant frog (D:3)
  2 hounds (D:4)
  4 crimson imps
  2 orc priests
  A gnoll shaman (D:5)
  A scorpion (D:4)
  An iguana (D:3)
  A worker ant (D:5)
  3 orc wizards (D:5)
  Terence (D:2)
  3 adders
  7 gnolls
  A worm (D:3)
  An adder skeleton (D:4)
  3 giant geckos (D:1)
  6 orcs
  A bat skeleton (D:3)
  3 giant cockroaches
  9 hobgoblins
  15 jackals
  8 kobolds
  2 ball pythons (D:3)
  A ball python skeleton (D:4)
  9 bats
  A giant gecko skeleton (D:4)
  4 giant newts
  7 goblins
  11 rats
  A rat skeleton (D:4)
111 creatures vanquished.

Notes
Turn   | Place    | Note
--------------------------------------------------------------
     0 | D:1      | Lilouch, the Gargoyle Fighter, began the quest for the Orb.
     0 | D:1      | Reached XP level 1. HP: 14/14 MP: 0/0
    75 | D:1      | Reached XP level 2. HP: 16/19 MP: 1/1
   559 | D:1      | Reached XP level 3. HP: 24/24 MP: 2/2
   577 | D:2      | Reached skill level 4 in Armour
   747 | D:2      | Noticed Terence
   757 | D:2      | Killed Terence
  1015 | D:2      | Reached XP level 4. HP: 22/28 MP: 3/3
  1350 | D:3      | Noticed a giant frog
  1360 | D:3      | Killed a giant frog
  1360 | D:3      | Reached XP level 5. HP: 17/33 MP: 4/4
  1604 | D:3      | Reached skill level 5 in Armour
  1935 | D:4      | Reached skill level 5 in Maces & Flails
  1935 | D:4      | Reached XP level 6. HP: 35/38 MP: 5/5
  2148 | D:4      | Reached skill level 6 in Maces & Flails
  2572 | D:5      | Entered Level 5 of the Dungeon
  2612 | D:5      | Reached XP level 7. HP: 42/42 MP: 6/6
  2629 | D:5      | Found Uciasaoh's Gadget Shop.
  2804 | D:5      | Reached skill level 7 in Maces & Flails
  3345 | D:5      | HP: 1/42 [orc warrior/orcish long sword (13)]
  3346 | D:5      | Mangled by an orc warrior

Action                   |  1- 3 |  4- 6 |  7- 9 || total
-------------------------+-------+-------+-------++-------
Melee: Mace              |   110 |   161 |   102 ||   373
